[Event "Titled Tuesday Blitz June 22 2021"]
[White "Jobava, Baadur"]
[Black "Alavi, Sayed Javad"]
[WhiteFideId "13601520"]
[BlackFideId "12500607"]
[WhiteElo "2748"]
[BlackElo "2495"]
[Result "0-1"]
[Round "03"]
[TimeControl "180+1"]
[Date "2021.06.22"]
[WhiteClock "0:00:13"]
[BlackClock "0:00:05"]

1. d4 Nf6 2. Nc3 d5 3. Bf4 c6 4. e3 Bf5 5. f3 h6 6. Bd3 Bxd3 7. Qxd3 e6 8. Nge2 b5 9. O-O-O Qa5 10. b3 Nbd7 11. e4 b4 12. Na4 Nb6 13. Bc7 Kd7 14. Bxb6 axb6 15. Kd2 Kc7 16. e5 Nd7 17. Nc1 b5 18. Nc5 Bxc5 19. dxc5 Nxc5 20. Qe3 Nd7 21. Ke2 c5 22. Nd3 Qb6 23. Ra1 c4 24. Nxb4 Qxe3+ 25. Kxe3 Nxe5 26. a4 bxa4 27. bxa4 Ra5 28. Ra2 Rha8 29. Rha1 Nd7 30. Kd4 Nb6 31. f4 Rxa4 32. Rxa4 Rxa4 33. Rb1 Kd6 34. g3 f6 35. Kc3 e5 36. fxe5+ fxe5 37. Na2 d4+ 38. Kb2 Nd5 39. Rf1 Ra7 40. Rf8 Rb7+ 41. Kc1 c3 42. Rd8+ Ke6 43. Re8+ Kf5 44. Rd8 Ke4 45. Ra8 Rb2 46. Kd1 Ne3+ 47. Ke1 Nxc2+ 48. Kd1 Ne3+ 49. Ke1 Rxh2 50. Ra4 Nc2+ 51. Kd1 Ne3+ 52. Ke1 g5 53. Nxc3+ Kd3 54. Nb5 Re2# 0-1


[Site "https://www.chess.com"]

[Event "Titled Tuesday Blitz June 22 2021"]
[White "Jones, Gawain C B"]
[Black "Tsaruk, Maksim"]
[WhiteFideId "409561"]
[BlackFideId "13511173"]
[WhiteElo "2657"]
[BlackElo "2197"]
[Result "1/2-1/2"]
[Round "03"]
[TimeControl "180+1"]
[Date "2021.06.22"]
[WhiteClock "0:00:14"]
[BlackClock "0:00:13"]

1. c4 Nf6 2. g3 e5 3. Bg2 d5 4. cxd5 Nxd5 5. Nc3 Nb6 6. e3 Nc6 7. Nge2 Qd3 8. O-O Bf5 9. f4 f6 10. fxe5 fxe5 11. Rf3 Bc5 12. Kh1 Bg4 13. Rf2 O-O-O 14. Qf1 Rhf8 15. Ne4 Rxf2 16. Nxf2 Bxe2 17. Nxd3 Bxf1 18. Bxf1 Be7 19. Rb1 Nc4 20. b3 Nxd2 21. Bxd2 e4 22. Rd1 exd3 23. Bc3 Bf6 24. Bxf6 gxf6 25. Bxd3 Kb8 26. Bc2 Rxd1+ 27. Bxd1 Nb4 28. a3 Nd5 29. e4 Nc3 30. Bc2 h6 31. Kg2 Nb5 32. Kf3 Nd4+ 33. Kf4 Nxc2 34. Kf5 Nd4+ 35. Kxf6 Nxb3 36. e5 Nd4 37. e6 Nxe6 38. Kxe6 c5 39. Kd5 b6 40. g4 Kc7 41. h4 Kd7 42. a4 a5 43. Ke5 Ke7 44. Kd5 Kf7 45. Ke5 Ke7 46. Kd5 Kf6 47. Ke4 Ke6 48. Kf4 Kd5 49. Ke3 Ke5 50. Kf3 Kd4 51. g5 hxg5 52. h5 Ke5 53. Kg4 Kf6 54. h6 Kg6 55. h7 Kxh7 56. Kxg5 c4 57. Kf4 c3 58. Ke3 Kg6 59. Kd3 Kf6 60. Kxc3 Ke6 61. Kc4 Kd6 62. Kd4 Kc6 63. Kc4 Kd6 64. Kd4 Kc6 65. Kc4 b5+ 66. axb5+ Kb6 67. Kc3 Kxb5 68. Kb2 a4 69. Ka1 Ka5 70. Kb1 Kb4 71. Ka1 a3 72. Kb1 Kb3 73. Ka1 a2 1/2-1/2


[Site "https://www.chess.com"]

[Event "Titled Tuesday Blitz June 22 2021"]
[White "Kollars, Dmitrij"]
[Black "Starozhilov, Leonid"]
[WhiteFideId "12909572"]
[BlackFideId "14106752"]
[WhiteElo "2576"]
[BlackElo "2414"]
[Result "1-0"]
[Round "03"]
[TimeControl "180+1"]
[Date "2021.06.22"]
[WhiteClock "0:00:12"]
[BlackClock "0:00:02"]

1. Nf3 Nf6 2. c4 g6 3. Nc3 Bg7 4. g3 d6 5. Bg2 O-O 6. O-O c6 7. d4 Bf5 8. Ng5 h6 9. e4 Bg4 10. f3 hxg5 11. fxg4 Nh7 12. Be3 Nd7 13. Qd2 c5 14. d5 Ne5 15. Qe2 a6 16. h3 Qa5 17. Rf2 Rfb8 18. Bf1 Rf8 19. a4 Rab8 20. Ra3 Qc7 21. Qd2 Bf6 22. Be2 Qd7 23. Kg2 Kg7 24. Rf1 Kg8 25. Rh1 Kg7 26. Raa1 Rh8 27. Ra2 a5 28. Raa1 b6 29. Raf1 Rbg8 30. Qd1 Kf8 31. Qb3 Qd8 32. h4 Kg7 33. Nd1 Qc7 34. Nf2 Kf8 35. Qc2 Ke8 36. Qd2 Kd8 37. Rh3 gxh4 38. gxh4 g5 39. h5 Nf8 40. Nh1 Nfd7 41. Ng3 Kc8 42. Rhh1 Kb7 43. Rf2 Ra8 44. b3 Rag8 45. Kf1 Nb8 46. Ke1 Nbd7 47. Kd1 Qd8 48. Rhf1 Ka7 49. Nf5 Kb7 50. Kc2 Kc7 51. Kb1 Kb7 52. Ka2 Kc7 53. Qd1 Kb7 54. Bc1 Rh7 55. Bb2 Rhh8 56. Ne3 Rh6 57. Qc2 Qc7 58. Nf5 Rh7 59. Bc3 Qd8 60. Bd2 Qc7 61. Qc1 Qd8 62. Kb1 Qc7 63. Rg2 Qd8 64. Be1 Qc7 65. Rh1 Qd8 66. Bd2 Qc7 67. h6 Rg6 68. Rh5 Qd8 69. Bxg5 Qh8 70. Bxf6 Nxf6 71. Rh4 Nxe4 72. Qe3 Ng5 73. Nxe7 Rf6 74. Qxg5 Ng6 75. Nxg6 Rxg6 76. Qe3 Qf6 77. g5 Qd8 78. Bd3 1-0


[Site "https://www.chess.com"]

[Event "Titled Tuesday Blitz June 22 2021"]
[White "Korchmar, Vasiliy"]
[Black "Zubov, Alexander"]
[WhiteFideId "24131750"]
[BlackFideId "14109409"]
[WhiteElo "2370"]
[BlackElo "2740"]
[Result "0-1"]
[Round "03"]
[TimeControl "180+1"]
[Date "2021.06.22"]
[WhiteClock "0:00:02"]
[BlackClock "0:00:06"]

1. d4 d5 2. Bf4 c5 3. e3 cxd4 4. exd4 Nc6 5. Nf3 Bg4 6. Bb5 e6 7. O-O Bd6 8. Bxd6 Qxd6 9. h3 Bh5 10. c4 Ne7 11. c5 Qf4 12. Nbd2 O-O 13. Qa4 g5 14. Rfe1 g4 15. hxg4 Bxg4 16. Bd3 Kh8 17. Re3 Rg8 18. Kf1 Rg7 19. Rae1 Rag8 20. g3 Qh6 21. Nh4 Qh5 22. Ndf3 Bxf3 23. Nxf3 Rg4 24. Kg2 Nf5 25. Bxf5 Qxf5 26. Qd1 R8g6 27. Rh1 Rf6 28. Rh3 Re4 29. Rd3 a5 30. Qd2 Qg6 31. a3 Kg8 32. b4 axb4 33. axb4 Rg4 34. b5 Ne7 35. Ne5 Qg7 36. Nxg4 Qxg4 37. c6 bxc6 38. b6 c5 39. b7 Nc6 40. dxc5 Qc4 41. Qg5+ Rg6 42. Qe3 d4 43. Qf3 Qxc5 44. Rb3 Nb8 45. Qf4 e5 46. Qf3 Kg7 47. Rb1 Qc4 48. Qd1 Qd5+ 49. Kg1 d3 50. Rh4 e4 51. Rf4 Rh6 0-1


[Site "https://www.chess.com"]

[Event "Titled Tuesday Blitz June 22 2021"]
[White "Kosteniuk, Alexandra"]
[Black "Korobov, Anton"]
[WhiteFideId "4128125"]
[BlackFideId "14105730"]
[WhiteElo "2521"]
[BlackElo "2668"]
[Result "0-1"]
[Round "03"]
[TimeControl "180+1"]
[Date "2021.06.22"]
[WhiteClock "0:00:03"]
[BlackClock "0:00:33"]

1. e4 e6 2. d4 d5 3. Nc3 Nf6 4. Bg5 Be7 5. e5 Nfd7 6. h4 Bxg5 7. hxg5 Qxg5 8. Qd3 g6 9. Nh3 Qh6 10. f4 a6 11. Qg3 c5 12. Ne2 Nc6 13. c3 cxd4 14. cxd4 Nb6 15. Kf2 Bd7 16. Rh2 Qf8 17. a3 Nc4 18. Qc3 h6 19. Kg1 g5 20. Nf2 f5 21. b3 N4a5 22. Nd3 b6 23. Ng3 Rc8 24. Qb2 Nxd4 25. Qxd4 Nxb3 26. Qxb6 Nxa1 27. Nh5 Bb5 28. Nf6+ Kf7 29. Be2 Qe7 30. fxg5 hxg5 31. Rxh8 Rxh8 32. Qe3 Bxd3 33. Bxd3 Qxa3 34. Qa7+ Kg6 35. Qe3 Qb4 36. g4 Qf4 37. gxf5+ exf5 38. Qxf4 gxf4 39. Nxd5 Kg5 40. e6 Nb3 41. e7 Nc5 42. Bc4 Re8 43. Kf2 Ne4+ 44. Ke2 Nf6 45. Nxf6 Rxe7+ 46. Kf2 Kxf6 47. Bxa6 Ra7 48. Bf1 Ra3 49. Bb5 Ke5 50. Bc6 Rc3 51. Bb7 f3 52. Bxf3 Kf4 53. Bd5 Rc2+ 54. Kf1 Ke3 55. Bc6 Rxc6 0-1


[Site "https://www.chess.com"]

[Event "Titled Tuesday Blitz June 22 2021"]
[White "Le, Tuan Minh"]
[Black "Borsuk, Konstantin"]
[WhiteFideId "12401153"]
[BlackFideId "14113406"]
[WhiteElo "2450"]
[BlackElo "2363"]
[Result "1-0"]
[Round "03"]
[TimeControl "180+1"]
[Date "2021.06.22"]
[WhiteClock "0:00:21"]
[BlackClock "0:00:01"]

1. d4 Nf6 2. Nf3 b6 3. Bf4 Bb7 4. e3 d6 5. h3 Nbd7 6. Be2 e6 7. O-O h6 8. Nbd2 g5 9. Bg3 g4 10. hxg4 Nxg4 11. Nh2 Nxh2 12. Bxh2 h5 13. Bf3 Bxf3 14. Qxf3 Nf6 15. Qc6+ Ke7 16. Qf3 Bh6 17. c4 Qd7 18. Rfd1 Rag8 19. c5 bxc5 20. dxc5 d5 21. Nc4 Ng4 22. Bg3 Bg5 23. c6 Qe8 24. e4 dxc4 25. Rd7+ Kf8 26. Bxc7 Bf6 27. Rad1 Kg7 28. Qg3 Kh7 29. Qf4 1-0


[Site "https://www.chess.com"]

[Event "Titled Tuesday Blitz June 22 2021"]
[White "Levin, Guy"]
[Black "Bluebaum, Matthias"]
[WhiteFideId "2824213"]
[BlackFideId "24651516"]
[WhiteElo "1972"]
[BlackElo "2685"]
[Result "0-1"]
[Round "03"]
[TimeControl "180+1"]
[Date "2021.06.22"]
[WhiteClock "0:00:02"]
[BlackClock "0:00:12"]

1. Nf3 d5 2. g3 Bg4 3. Bg2 e6 4. O-O Nf6 5. c4 c6 6. b3 Nbd7 7. Bb2 Bd6 8. d4 O-O 9. Nc3 Qe7 10. Qc2 Bf5 11. Qc1 h6 12. Nd2 Rad8 13. e4 dxe4 14. Ndxe4 Rfe8 15. Re1 Bb4 16. Nxf6+ Nxf6 17. a3 Ba5 18. Rd1 Rd7 19. h3 Red8 20. Qe3 Bb6 21. Na4 Bg6 22. Rd2 Rb8 23. Nxb6 axb6 24. Rad1 Rbd8 25. Qf4 b5 26. Qe3 bxc4 27. bxc4 Kh7 28. Re1 Kg8 29. Qb3 Qf8 30. Rde2 Bh5 31. Re5 Bg6 32. g4 Rc8 33. Bc3 Qd8 34. Bb2 Qc7 35. R5e3 Rcd8 36. Re5 Qc8 37. a4 Qa8 38. a5 Qa6 39. Rc1 Nh7 40. f4 Nf6 41. f5 exf5 42. gxf5 Bh5 43. Rce1 Kh7 44. Qc2 b6 45. axb6 Qxb6 46. Bc3 Rxd4 47. Bxd4 Qxd4+ 48. Kh1 Qf4 49. R5e3 c5 50. Re5 Rd2 51. Qc3 Qf2 52. Rg1 Rc2 53. Qe3 Qh4 54. Bf1 Ng4 0-1


[Site "https://www.chess.com"]

[Event "Titled Tuesday Blitz June 22 2021"]
[White "Mamedyarov, Shakhriyar"]
[Black "Krivonosov, Oleg"]
[WhiteFideId "13401319"]
[BlackFideId "11600349"]
[WhiteElo "2716"]
[BlackElo "2469"]
[Result "1-0"]
[Round "03"]
[TimeControl "180+1"]
[Date "2021.06.22"]
[WhiteClock "0:02:08"]
[BlackClock "0:01:33"]

1. e4 e5 2. Nc3 Nf6 3. d4 exd4 4. Qxd4 Nc6 5. Qd3 Bb4 6. Bd2 O-O 7. O-O-O Re8 8. Nge2 Ne5 9. Qg3 d6 10. Bg5 Bxc3 11. Nxc3 Ned7 12. f4 c6 13. e5 dxe5 14. fxe5 Nh5 15. Qh4 f6 16. Qxh5 fxg5 17. Bc4+ Kh8 18. e6 1-0


[Site "https://www.chess.com"]

[Event "Titled Tuesday Blitz June 22 2021"]
[White "Maximov, Dmitry"]
[Black "Dubov, Daniil"]
[WhiteFideId "14105659"]
[BlackFideId "24126055"]
[WhiteElo "2494"]
[BlackElo "2722"]
[Result "0-1"]
[Round "03"]
[TimeControl "180+1"]
[Date "2021.06.22"]
[WhiteClock "0:00:06"]
[BlackClock "0:00:28"]

1. e4 e5 2. Nf3 Nc6 3. Bb5 a6 4. Ba4 Nf6 5. O-O Be7 6. Re1 b5 7. Bb3 d6 8. c3 O-O 9. h3 Nb8 10. d4 Nbd7 11. Nbd2 Bb7 12. Bc2 Re8 13. Nf1 Bf8 14. Ng3 g6 15. Bg5 Bg7 16. Qd2 c5 17. Rad1 exd4 18. cxd4 cxd4 19. Nxd4 Rc8 20. Bb3 Nc5 21. Bc2 Qb6 22. f3 Qc7 23. Bb1 d5 24. Bf4 Qb6 25. e5 Nfd7 26. Be3 Nxe5 27. b3 Qc7 28. Qf2 Ne6 29. f4 Nxd4 30. Bxd4 Nd7 31. Bxg7 Kxg7 32. f5 Nf6 33. fxg6 hxg6 34. Rf1 Re6 35. Rd4 Qe5 36. Rf4 Rcc6 37. Rf3 Rc3 38. Rxc3 Qxc3 39. Kh2 Qe5 40. Kh1 d4 41. Bf5 Rd6 42. Bd3 Qe3 43. Qxe3 dxe3 44. Be2 Rd2 45. a4 Ne4 46. Nxe4 Rxe2 47. Rf4 Re1+ 48. Kh2 e2 49. Ng3 Rh1+ 50. Kxh1 e1=Q+ 51. Kh2 Qe5 52. Rg4 f5 0-1


[Site "https://www.chess.com"]

[Event "Titled Tuesday Blitz June 22 2021"]
[White "Muradli, Mahammad"]
[Black "Matinian, Nikita"]
[WhiteFideId "13409301"]
[BlackFideId "24129100"]
[WhiteElo "2482"]
[BlackElo "2410"]
[Result "1-0"]
[Round "03"]
[TimeControl "180+1"]
[Date "2021.06.22"]
[WhiteClock "0:00:23"]
[BlackClock "0:00:02"]

1. Nf3 Nf6 2. d4 g6 3. c4 Bg7 4. Nc3 O-O 5. e4 d6 6. Be2 e5 7. Be3 Nc6 8. d5 Ne7 9. Nd2 Nd7 10. O-O f5 11. f3 f4 12. Bf2 g5 13. b4 Rf6 14. c5 Rh6 15. Rc1 Qe8 16. Re1 Qh5 17. Nf1 Nf6 18. Nb5 g4 19. fxg4 Bxg4 20. Bxg4 Nxg4 21. h3 Nxf2 22. Qxh5 Rxh5 23. Kxf2 c6 24. cxd6 Nxd5 25. exd5 cxb5 26. d7 Rd8 27. Rc8 Bf6 28. Rec1 Kf7 29. Nd2 e4 30. Nxe4 Bh4+ 31. Kf3 Rxd5 32. Rxd8 Bxd8 33. Rc5 Rxd7 34. Rxb5 Bb6 35. Kxf4 Rd1 36. a4 Bc7+ 37. Kf3 b6 38. Rf5+ Kg6 39. Rf6+ Kg7 40. Rc6 Be5 41. a5 bxa5 42. bxa5 Ra1 43. Rc5 Bd4 44. Rd5 Ra3+ 45. Kf4 Be3+ 46. Kf5 Ra2 47. g4 h6 48. Rd7+ Kf8 49. Kg6 Bg5 50. Rxa7 Be3 51. Rf7+ Ke8 52. Nf6+ Kd8 53. Rf8+ Kc7 54. Nd5+ Kd6 55. Nxe3 1-0


[Site "https://www.chess.com"]

[Event "Titled Tuesday Blitz June 22 2021"]
[White "Perez Ponsa, Federico"]
[Black "Papasimakopoulos, Alexandros"]
[WhiteFideId "117927"]
[BlackFideId "4244125"]
[WhiteElo "2672"]
[BlackElo "2352"]
[Result "1-0"]
[Round "03"]
[TimeControl "180+1"]
[Date "2021.06.22"]
[WhiteClock "0:00:15"]
[BlackClock "0:00:24"]

1. d4 e6 2. e4 d5 3. exd5 exd5 4. Nf3 Bg4 5. h3 Bh5 6. Qe2+ Qe7 7. Be3 Nc6 8. Nc3 O-O-O 9. g4 Bg6 10. O-O-O f6 11. Bg2 Qd7 12. a3 Kb8 13. Nd2 Nge7 14. Nb3 Nc8 15. Nxd5 Nb6 16. Nxb6 axb6 17. d5 Na7 18. f4 Bd6 19. f5 Bf7 20. Nd4 g6 21. Ne6 Rdg8 22. Be4 Nc8 23. Bd4 Be5 24. Bxe5 fxe5 25. Bf3 gxf5 26. gxf5 Rg3 27. Qxe5 Rhg8 28. Bg4 Rg2 29. Qe4 Rg3 30. Qf4 Qd6 31. Qxd6 Nxd6 32. Rdf1 h5 33. Bd1 Re3 34. h4 Re5 35. f6 Rxd5 36. Ng5 Bg6 37. Rhg1 Be8 38. Rg3 b5 39. Re3 Nf5 40. Rd3 Rxd3 41. cxd3 Nxh4 42. f7 Bxf7 43. Nxf7 Rg3 44. Ne5 Rg5 45. Rh1 Ng2 46. Rxh5 Rxh5 47. Bxh5 Nf4 48. Bf3 c6 49. Kd2 Kc7 50. Ke3 Ne6 51. d4 Kd6 52. Nd3 Kc7 53. Nc5 Ng7 54. Bg4 Ne8 55. Ne4 Kb6 56. Kf4 Nc7 57. Ke5 b4 58. axb4 Nd5 59. b5 Kxb5 60. Nc3+ Nxc3 61. bxc3 Kc4 62. Bc8 c5 63. d5 b6 64. d6 Kxc3 65. d7 b5 66. d8=Q c4 67. Qd4+ Kb3 68. Be6 b4 69. Qxc4+ Ka3 70. Qb3# 1-0


[Site "https://www.chess.com"]

[Event "Titled Tuesday Blitz June 22 2021"]
[White "Pichot, Alan"]
[Black "Morefield, Jason"]
[WhiteFideId "110973"]
[BlackFideId "30920825"]
[WhiteElo "2622"]
[BlackElo "2171"]
[Result "1-0"]
[Round "03"]
[TimeControl "180+1"]
[Date "2021.06.22"]
[WhiteClock "0:02:00"]
[BlackClock "0:00:08"]

1. e4 c5 2. Nf3 d6 3. d4 cxd4 4. Nxd4 Nf6 5. Nc3 Nc6 6. Bg5 e6 7. Qd2 Bd7 8. O-O-O a6 9. f3 Nxd4 10. Qxd4 Be7 11. h4 Qc7 12. Kb1 b5 13. Qd2 h5 14. Bf4 e5 15. Bg5 b4 16. Ne2 a5 17. Ng3 g6 18. b3 O-O 19. Bc4 Rad8 20. Bxf6 Bxf6 21. Qh6 Bg7 22. Qxg6 Qxc4 23. Qxg7+ Kxg7 24. bxc4 Be6 25. Nxh5+ Kh6 26. Nf6 Bxc4 27. Rd2 Kg6 28. Nd5 Rfe8 29. Ne3 Be6 30. Rhd1 Kh5 31. g3 Rg8 32. Rg1 a4 33. g4+ Kxh4 34. g5 Kh5 35. g6 Kh6 36. g7 1-0


[Site "https://www.chess.com"]

[Event "Titled Tuesday Blitz June 22 2021"]
[White "Quparadze, Giga"]
[Black "Tristan, Leonardo"]
[WhiteFideId "13602250"]
[BlackFideId "113816"]
[WhiteElo "2658"]
[BlackElo "2404"]
[Result "0-1"]
[Round "03"]
[TimeControl "180+1"]
[Date "2021.06.22"]
[WhiteClock "0:00:55"]
[BlackClock "0:00:11"]

1. e4 c5 2. Nf3 Nc6 3. Nc3 Nf6 4. Bb5 Nd4 5. e5 Nxb5 6. Nxb5 Nd5 7. c4 Nc7 8. Nxc7+ Qxc7 9. O-O g6 10. d4 cxd4 11. Qxd4 Bg7 12. Bf4 O-O 13. Rac1 b6 14. Qe3 Bb7 15. Nd4 Qc5 16. Rfe1 d6 17. Nb5 Qxe3 18. Rxe3 a6 19. Nc7 Rac8 20. exd6 exd6 21. Bxd6 Rfd8 22. Bf4 Bxb2 23. Rb1 Bd4 24. Re2 Rd7 25. Ne8 Rxc4 26. Nd6 Ra4 27. h4 h5 28. g3 Bf3 29. Rd2 Bc5 30. Re1 Rxf4 31. Re8+ Kh7 32. gxf4 Rxd6 33. Rb2 Rd1+ 34. Kh2 Rh1+ 35. Kg3 Bc6 36. Rc8 Rg1+ 37. Kh2 Rg2+ 38. Kh3 Bd7+ 39. Kxg2 Bxc8 40. a4 a5 41. Rd2 Be6 42. Kf3 Kg7 43. Ke4 Kf6 44. f3 Bf5+ 45. Kd5 Be6+ 46. Ke4 Bb3 47. f5 Bxa4 48. fxg6 fxg6 49. Kf4 Be8 50. Rd8 Bf7 51. Ra8 Be6 52. Ra7 Bd6+ 53. Ke4 Bc5 54. Kf4 Bb3 55. Ke4 a4 56. Kd3 a3 57. Kc3 Be6 58. f4 a2 59. Ra6 Bd6 60. Ra4 Kf5 61. Kb2 Bxf4 0-1


[Site "https://www.chess.com"]

[Event "Titled Tuesday Blitz June 22 2021"]
[White "Rojas Alarcon, Julian Antonio"]
[Black "Eljanov, Pavel"]
[WhiteFideId "5107407"]
[BlackFideId "14102951"]
[WhiteElo "2333"]
[BlackElo "2602"]
[Result "1-0"]
[Round "03"]
[TimeControl "180+1"]
[Date "2021.06.22"]
[WhiteClock "0:00:26"]
[BlackClock "0:00:27"]

1. c4 Nf6 2. Nc3 e5 3. g3 Bb4 4. Bg2 O-O 5. Nf3 e4 6. Nd4 Re8 7. O-O Nc6 8. Nc2 Bxc3 9. dxc3 h6 10. Ne3 d6 11. b3 b6 12. Nd5 Bf5 13. Bf4 Ne5 14. h3 Ng6 15. Be3 c5 16. Qd2 Nxd5 17. Qxd5 Re5 18. Qd2 Qe7 19. Rad1 Rd8 20. Bf4 Nxf4 21. Qxf4 g5 22. Qe3 Bg6 23. Rd2 Re6 24. Rfd1 Kg7 25. g4 a5 26. Rd5 a4 27. Qg3 a3 28. Qe3 Qf6 29. Qg3 e3 30. Rc1 Qxf2+ 31. Qxf2 exf2+ 32. Kxf2 Kf6 33. Bf3 Ke7 34. Rcd1 Re5 35. Rxe5+ dxe5 36. Rxd8 Kxd8 37. e4 Ke7 38. Ke3 f6 39. Be2 Kd6 40. Bf3 Bf7 41. Be2 Be6 42. Bd3 h5 43. Be2 b5 44. gxh5 bxc4 45. Bxc4 Bxc4 46. bxc4 Ke7 47. Kf3 Kf7 48. Kg4 Kg7 49. Kf5 Kh6 50. Kxf6 Kxh5 51. Kxe5 1-0


[Site "https://www.chess.com"]

[Event "Titled Tuesday Blitz June 22 2021"]
[White "Sarana, Alexey"]
[Black "Karthikeyan, Murali"]
[WhiteFideId "24133795"]
[BlackFideId "5074452"]
[WhiteElo "2629"]
[BlackElo "2564"]
[Result "1-0"]
[Round "03"]
[TimeControl "180+1"]
[Date "2021.06.22"]
[WhiteClock "0:00:04"]
[BlackClock "0:00:03"]

1. d4 Nf6 2. c4 e6 3. Nf3 d5 4. Nc3 Be7 5. g3 O-O 6. Bg2 dxc4 7. Ne5 Nc6 8. Bxc6 bxc6 9. Nxc6 Qe8 10. Nxe7+ Qxe7 11. Qa4 c5 12. dxc5 Qxc5 13. Be3 Qc7 14. Rd1 Qb7 15. O-O e5 16. f3 Bh3 17. Rfe1 Qxb2 18. Qa5 Rfe8 19. Bg5 Qb6+ 20. Qxb6 axb6 21. Bxf6 gxf6 22. Rb1 Ra3 23. Rec1 Re6 24. Kf2 h5 25. Rb4 Rc6 26. Nd5 Kg7 27. Nxb6 c3 28. Ra4 Rxa4 29. Nxa4 c2 30. Nb2 Be6 31. Nd3 Rc4 32. Ne1 Ra4 33. Nxc2 Rxa2 34. Ne3 f5 35. Rc6 Kg6 36. Nc4 Kf6 37. Nb6 Ke7 38. Rc7+ Kf6 39. h4 Rb2 40. Rc6 Ke7 41. Na4 Rb4 42. Ra6 f4 43. Nc5 fxg3+ 44. Kxg3 Rb2 45. e4 Bc4 46. Ra1 Rc2 47. Ra7+ Kd6 48. Nb7+ Kc7 49. Na5+ Kb6 50. Nxc4+ Kxa7 51. Nxe5 Rc7 52. Nd3 Kb6 53. Nf4 Rc5 54. Nd5+ Kc6 55. Kf4 Rc1 56. Nf6 Rh1 57. Kg5 Rf1 58. f4 Kd6 59. Nxh5 Ke7 60. Ng3 Rg1 61. Kg4 Kf6 62. Kf3 Rb1 63. e5+ Ke6 64. Kg4 Rg1 65. h5 Ra1 66. Ne4 f5+ 67. exf6 Re1 68. f5+ Kf7 69. Kf4 Rf1+ 70. Ke5 Re1 71. h6 Kg8 72. Kd5 Re2 73. Ng5 Rg2 74. h7+ Kh8 75. f7 1-0


[Site "https://www.chess.com"]

[Event "Titled Tuesday Blitz June 22 2021"]
[White "Shahaliyev, Ismayil"]
[Black "Nakamura, Hikaru"]
[WhiteFideId "13406388"]
[BlackFideId "2016192"]
[WhiteElo "2105"]
[BlackElo "2900"]
[Result "0-1"]
[Round "03"]
[TimeControl "180+1"]
[Date "2021.06.22"]
[WhiteClock "0:01:21"]
[BlackClock "0:02:18"]

1. e4 c5 2. Nf3 d6 3. d4 cxd4 4. Nxd4 Nf6 5. Nc3 a6 6. h3 g6 7. g4 Bg7 8. Bg2 Bd7 9. a4 Nc6 10. Nde2 Rc8 11. O-O O-O 12. Ng3 Na5 13. g5 Ne8 14. Nd5 Nc4 15. c3 Nc7 16. Qe2 Nxd5 17. exd5 b5 18. axb5 Bxb5 19. Re1 Nxb2 20. Qxe7 Nd3 21. Qxd8 Rfxd8 22. Re3 Bxc3 0-1


[Site "https://www.chess.com"]

[Event "Titled Tuesday Blitz June 22 2021"]
[White "Shevchenko, Kirill"]
[Black "Leiva, Gianmarco"]
[WhiteFideId "14129574"]
[BlackFideId "3804399"]
[WhiteElo "2569"]
[BlackElo "2365"]
[Result "1-0"]
[Round "03"]
[TimeControl "180+1"]
[Date "2021.06.22"]
[WhiteClock "0:01:35"]
[BlackClock "0:01:31"]

1. e4 c5 2. c3 Nf6 3. e5 Nd5 4. Na3 Nc6 5. Nf3 g6 6. Qb3 Nb6 7. d4 cxd4 8. cxd4 d5 9. exd6 Qxd6 10. Nb5 Qd8 11. d5 Nb8 12. Qc3 1-0


[Site "https://www.chess.com"]

[Event "Titled Tuesday Blitz June 22 2021"]
[White "Smirnov, Pavel"]
[Black "Jia, Haoxiang"]
[WhiteFideId "4123425"]
[BlackFideId "8602999"]
[WhiteElo "2584"]
[BlackElo "2624"]
[Result "0-1"]
[Round "03"]
[TimeControl "180+1"]
[Date "2021.06.22"]
[WhiteClock "0:00:02"]
[BlackClock "0:00:21"]

1. e4 c5 2. c3 Nf6 3. e5 Nd5 4. d4 e6 5. Nf3 cxd4 6. cxd4 d6 7. Bc4 Nc6 8. O-O Be7 9. Qc2 O-O 10. Nc3 Nxc3 11. bxc3 dxe5 12. dxe5 Qa5 13. Re1 Bd7 14. Rb1 Rab8 15. Bd3 g6 16. h4 Rfc8 17. h5 Be8 18. hxg6 hxg6 19. Qd2 Bf8 20. Rb3 Rd8 21. Qe2 Bg7 22. Bf4 Ne7 23. Bg5 Rd7 24. c4 Nc6 25. Bb1 Rc8 26. Qe4 Nd4 27. Rd3 Nxf3+ 28. Rxf3 Rxc4 29. Qe2 Rc5 30. Bf4 Rdc7 31. Bd3 Bb5 32. Rd1 Bxd3 33. Rfxd3 Rc8 34. Qf3 R5c7 35. Qe4 Qxa2 36. Rd8+ Rxd8 37. Rxd8+ Kh7 38. Be3 Qa1+ 39. Kh2 Qxe5+ 40. Qxe5 Bxe5+ 41. f4 Bf6 42. Ra8 a6 43. Kg1 Rd7 44. Kf2 Bd4 45. Bxd4 Rxd4 46. Ke3 Rb4 47. g4 Kg7 48. g5 Rb3+ 49. Ke4 Rb5 50. Ra7 a5 51. Ra8 Rb4+ 52. Ke5 a4 53. Ra7 b5 54. Ra5 Rb3 55. Kd6 a3 56. Ke7 b4 57. Ra7 Rf3 0-1


[Site "https://www.chess.com"]

[Event "Titled Tuesday Blitz June 22 2021"]
[White "Vignesh, N R"]
[Black "Materia, Marco"]
[WhiteFideId "25012215"]
[BlackFideId "45150451"]
[WhiteElo "2401"]
[BlackElo "2636"]
[Result "1-0"]
[Round "03"]
[TimeControl "180+1"]
[Date "2021.06.22"]
[WhiteClock "0:00:13"]
[BlackClock "0:00:22"]

1. d4 Nf6 2. Nf3 e6 3. e3 b6 4. Bd3 Ba6 5. O-O d5 6. Bxa6 Nxa6 7. c4 c6 8. Qa4 Nb8 9. Bd2 Bd6 10. cxd5 exd5 11. Rc1 O-O 12. Bb4 Ne4 13. Nbd2 Nxd2 14. Nxd2 Bxb4 15. Qxb4 Qf6 16. Qa4 Rc8 17. Rc2 a5 18. Rac1 Ra7 19. Qb3 Qd8 20. Nf3 f6 21. e4 Rd7 22. e5 Rdc7 23. exf6 Qxf6 24. Ne5 b5 25. Rc3 Nd7 26. Nxc6 Nb6 27. Qxb5 Rf8 28. f3 Nc8 29. Qxd5+ Kh8 30. Ne5 Rxc3 31. Rxc3 Qf4 32. Nf7+ Kg8 33. Nd6+ Kh8 34. Nxc8 Qd2 35. Qe5 Qd1+ 36. Kf2 Qd2+ 37. Kg3 Qxb2 38. Rc7 Rg8 39. Ne7 Qb6 40. Nxg8 Qg6+ 41. Kf2 h5 42. Rxg7 Qc2+ 43. Kg3 h4+ 44. Kh3 Qc8+ 45. Rg4+ Kh7 46. Qh5# 1-0


[Site "https://www.chess.com"]

[Event "Titled Tuesday Blitz June 22 2021"]
[White "Abdusattorov, Nodirbek"]
[Black "Shapkin, Anatoliy"]
[WhiteFideId "14204118"]
[BlackFideId "34108332"]
[WhiteElo "2662"]
[BlackElo "2223"]
[Result "1/2-1/2"]
[Round "04"]
[TimeControl "180+1"]
[Date "2021.06.22"]
[WhiteClock "0:00:05"]
[BlackClock "0:00:05"]

1. b3 e5 2. Bb2 Nc6 3. c4 Nf6 4. e3 g6 5. Nf3 d6 6. d4 Bg7 7. Be2 O-O 8. dxe5 Ng4 9. O-O Ngxe5 10. Nc3 Re8 11. Qd2 Nxf3+ 12. Bxf3 Ne5 13. Be2 h5 14. Nd5 Be6 15. Rfd1 a5 16. Rac1 a4 17. b4 a3 18. Ba1 h4 19. h3 b6 20. f4 Nd7 21. Bxg7 Kxg7 22. Bf3 Bxd5 23. cxd5 Nf6 24. Qd4 Qe7 25. e4 Kg8 26. Re1 Rac8 27. e5 dxe5 28. fxe5 Nd7 29. Bg4 Kh7 30. e6 Qf6 31. Qxf6 Nxf6 32. exf7 Rxe1+ 33. Rxe1 Rf8 34. Re7 Nxd5 35. Rd7 Nxb4 36. Be6 c6 37. Kf2 Kg7 38. Ke2 b5 39. Rc7 Kf6 40. Bb3 Ke5 41. Re7+ Kf6 42. Ra7 c5 43. Rb7 c4 44. Bxc4 bxc4 45. Rxb4 Rxf7 46. Rxc4 Rb7 47. Kd2 Rb2+ 48. Rc2 Rb6 49. Kd3 Ke5 50. Re2+ Kf5 51. Kc4 g5 52. Kc3 Kf4 53. Kc4 Kg3 54. Re3+ Kxg2 55. Rxa3 Rf6 56. Rd3 g4 57. hxg4 h3 58. Rd2+ Rf2 59. Rd1 h2 60. a4 Rf4+ 61. Kb5 Rxg4 62. a5 Rg5+ 63. Kb6 Rg6+ 64. Kb7 Rg7+ 65. Kb6 Rg6+ 66. Kb5 Rf6 67. a6 Rxa6 68. Kxa6 h1=Q 69. Rxh1 Kxh1 1/2-1/2


[Site "https://www.chess.com"]

[Event "Titled Tuesday Blitz June 22 2021"]
[White "Alavi, Sayed Javad"]
[Black "Demchenko, Anton"]
[WhiteFideId "12500607"]
[BlackFideId "4160258"]
[WhiteElo "2495"]
[BlackElo "2593"]
[Result "0-1"]
[Round "04"]
[TimeControl "180+1"]
[Date "2021.06.22"]
[WhiteClock "0:00:01"]
[BlackClock "0:01:57"]

1. Nf3 Nf6 2. d4 g6 3. g3 Bg7 4. Bg2 O-O 5. O-O d6 6. c4 Nbd7 7. Nc3 e5 8. e4 exd4 9. Nxd4 Nc5 10. Re1 Re8 11. h3 a5 12. Ndb5 Bd7 13. Bf4 Bxb5 14. cxb5 Nfd7 15. Rc1 h5 16. b3 h4 17. Nd5 Ne6 18. Be3 hxg3 19. fxg3 Rc8 20. Kh2 c6 21. bxc6 bxc6 22. Nf4 Ne5 23. Nxe6 Rxe6 24. Qd2 a4 25. bxa4 Ra8 26. Qc2 Qa5 27. Red1 Qxa4 28. Qxa4 Rxa4 29. Rc2 c5 30. Bf4 Bf6 31. Rd5 Be7 32. Kg1 Nc6 33. Be3 Nb4 34. Rdd2 Nxc2 35. Rxc2 d5 36. Bxc5 Bxc5+ 0-1


[Site "https://www.chess.com"]